AoeStats
← Invertion

Arena

509467403Analyzed
4v4 RM · 4d ago on Sep 26, 2026· 50m 27s· 8 players
Game mode
Random Map
Map size
Large (8 player)
Population
200
Speed
Normal
Resources
Standard
Victory
Conquest
Starting age
Dark Age
Ending age
Imperial Age
RankedLock teamsTeams togetherTeam positionsShared explorationLock speedFull tech treeHidden civsTurbo modeCheats
Victory
Defeat
🇵🇰 Lithuanians · Pakistan
1441
+19
🇧🇷 Burmese · Brazil
1430
+19
🇪🇸 Persians · Spain
1427
+19
🇧🇷 Teutons · Brazil
1422
+19
🇦🇷 Bengalis · Argentina
1601
-24
🇦🇷 Saxons · Argentina
1532
-20
🇦🇷 Spanish · Argentina
1528
-20
🇦🇷 Franks · Argentina
1324
-12
Hakka1_90
5:51 Loom
8:24 Feudal Age
9:59 Fletching
15:54 Padded Archer Armor
25:27 Castle Age
23:46 Double-Bit Axe
23:52 Stone Mining
23:44 Horse Collar
28:14 Town Watch
29:05 Wheelbarrow
29:02 Bodkin Arrow
33:27 Imperial Age
32:05 Bow Saw
33:48 Forging
33:39 Scale Mail Armor
33:00 Pikeman
33:41 Squires
33:26 Gambesons
33:27 Arson
34:00 Halberdier
35:22 Iron Casting
36:20 Two-Man Saw
35:22 Heavy Plow
37:36 Blast Furnace
36:51 Chain Mail Armor
38:21 Chain Mail Armor
40:01 Plate Mail Armor
39:46 Leather Archer Armor
38:55 Capped Ram
40:20 Crop Rotation
41:35 Ballistics
42:15 Chemistry
41:26 Masonry
41:22 Siege Engineers
41:08 Heated Shot
44:06 Conscription
44:46 Ring Archer Armor
46:19 Scale Barding Armor
46:48 Hand Cart
47:46 Chain Barding Armor
46:50 Cavalier
47:41 Bloodlines
PNLN | maromba_aoe
8:22 Loom
10:08 Feudal Age
12:08 Fletching
17:58 Castle Age
16:04 Horse Collar
18:50 Bodkin Arrow
26:48 Imperial Age
27:58 Bracer
29:24 Wheelbarrow
30:27 Conscription
32:08 Hand Cart
32:11 Elite Arambai
32:58 Padded Archer Armor
35:25 Scale Mail Armor
35:35 Forging
36:55 Chemistry
36:15 Ballistics
36:04 Siege Engineers
37:03 Chemistry
36:13 Masonry
36:00 Murder Holes
39:24 Ballistics
39:23 Elite Skirmisher
42:51 Architecture
47:04 Chain Mail Armor
47:25 Iron Casting
46:17 Man-at-Arms
46:43 Gambesons
46:58 Squires
48:24 Long Swordsman
50:19 Plate Mail Armor
50:50 Blast Furnace
49:51 Two-Handed Swordsman
Sergio
10:27 Feudal Age
14:20 Castle Age
13:02 Double-Bit Axe
13:39 Horse Collar
19:27 Loom
21:10 Fletching
26:49 Wheelbarrow
33:01 Imperial Age
31:20 Gold Mining
33:22 Scale Barding Armor
33:27 Forging
34:05 Gold Shaft Mining
34:08 Bloodlines
33:58 Husbandry
33:19 Cavalier
34:47 Chain Barding Armor
35:53 Iron Casting
36:42 Plate Barding Armor
37:41 Savar
39:47 Blast Furnace
42:39 Chemistry
42:52 Bodkin Arrow
42:57 Padded Archer Armor
42:19 Elite Skirmisher
44:34 Hand Cart
48:46 Light Cavalry
49:49 Town Watch
bilalnizamani001
11:42 Feudal Age
12:38 Double-Bit Axe
12:33 Horse Collar
15:34 Castle Age
17:31 Wheelbarrow
16:58 Heavy Plow
21:13 Bow Saw
22:11 Stone Mining
22:11 Gold Mining
26:10 Hand Cart
25:44 Loom
29:51 Imperial Age
28:03 Coinage
30:12 Imperial Age
30:43 Scale Barding Armor
30:49 Forging
32:14 Banking
31:12 Elite Leitis
32:13 Conscription
32:15 Chain Barding Armor
33:22 Iron Casting
34:06 Plate Barding Armor
33:28 Town Watch
35:54 Stone Shaft Mining
37:55 Bloodlines
37:46 Husbandry
TU VIEJA
10:41 Feudal Age
14:37 Castle Age
12:39 Double-Bit Axe
13:05 Horse Collar
13:53 Loom
20:34 Wheelbarrow
24:14 Padded Archer Armor
32:56 Imperial Age
30:40 Scale Mail Armor
31:12 Forging
31:04 Pikeman
32:24 Chain Mail Armor
32:43 Bow Saw
33:55 Iron Casting
34:47 Chemistry
34:32 Halberdier
36:12 Gold Mining
36:54 Plate Mail Armor
36:52 Squires
39:32 Blast Furnace
38:38 Scale Barding Armor
38:40 Heavy Plow
40:40 Hand Cart
40:37 Bloodlines
40:17 Cavalier
40:32 Light Cavalry
41:23 Arson
42:10 Chain Barding Armor
42:04 Caravan
43:09 Fortified Wall
42:34 Hussar
44:37 Capped Ram
XxX_Ricardo_2018_Max_XxX
8:44 Feudal Age
9:27 Double-Bit Axe
10:44 Horse Collar
11:19 Loom
21:33 Castle Age
23:17 Bow Saw
24:27 Gold Mining
24:40 Heavy Plow
27:38 Masonry
29:06 Scale Mail Armor
31:15 Wheelbarrow
31:48 Fletching
31:59 Padded Archer Armor
32:22 Ballistics
34:37 Imperial Age
33:00 Gold Shaft Mining
33:05 Fletching
33:15 Padded Archer Armor
33:15 Crossbowman
34:00 Thumb Ring
34:40 Arbalester
35:12 Fletching
35:23 Padded Archer Armor
35:49 Bodkin Arrow
37:00 Chemistry
37:52 Bracer
38:08 Leather Archer Armor
38:56 Hand Cart
39:43 Two-Man Saw
39:14 Crop Rotation
38:24 Elite Skirmisher
40:53 Ring Archer Armor
40:55 Architecture
41:32 Stone Mining
43:10 Forging
43:15 Chain Mail Armor
43:55 Onager
46:27 Plate Mail Armor
46:32 Iron Casting
45:50 Shield Wall
46:51 Conscription
47:10 Iron Casting
46:42 Squires
Invertion
10:58 Feudal Age
15:27 Castle Age
13:44 Double-Bit Axe
17:12 Light Cavalry
17:54 Husbandry
20:24 Scale Barding Armor
26:39 Wheelbarrow
28:10 Chain Barding Armor
29:37 Forging
30:29 Hand Cart
30:54 Loom
33:15 Iron Casting
35:25 Imperial Age
35:29 Scale Mail Armor
34:54 Pikeman
35:31 Cavalier
36:48 Plate Barding Armor
37:13 Blast Furnace
36:29 Chain Mail Armor
35:42 Halberdier
36:24 Squires
38:36 Paladin
41:29 Plate Mail Armor
Malthael
8:33 Loom
11:05 Feudal Age
14:00 Fletching
17:33 Town Watch
27:15 Castle Age
25:06 Horse Collar
25:23 Double-Bit Axe
25:56 Gold Mining
28:57 Wheelbarrow
30:26 Bow Saw
36:36 Wheelbarrow
Connection lost

Rejoining the realm…

Still unreachable

The connection could not be restored.

Session expired

The server has moved on; the page needs a fresh start.